 Dungeon Crawl Stone Soup version 0.19-a0-1686-g35356ef (webtiles) character file.

10987 st0uf the Thaumaturge (level 11, -8/64 HPs)
             Began as a Gargoyle Earth Elementalist on Sept 25, 2016.
             Was a Priest of Vehumet.
             Mangled by Rupert
             ... wielding a +2 great mace of draining
              (38 damage)
             ... on level 3 of the Lair of Beasts.
             The game lasted 01:08:08 (13897 turns).

st0uf the Thaumaturge (GrEE)                       Turns: 13897, Time: 01:08:09

Health: -8/64      AC: 16    Str: 13    XL:     11   Next: 70%
Magic:  22/24      EV: 13    Int: 18    God:    Vehumet [***...]
Gold:   428        SH:  0    Dex: 10    Spells: 4 memorised, 17 levels left

rFire  . . .     SeeInvis +     b - 223 stones
rCold  . . .     Gourm    .     c - +0 robe
rNeg   + . .     Faith    .     (no shield)
rPois  ∞         Spirit   .     (no helmet)
rElec  +         Dismiss  .     L - +0 cloak
rCorr  .         Reflect  .     q - +2 pair of gloves
MR     .....     Harm     .     W - +0 pair of boots
Stlth  ++........               (no amulet)
                                J - ring of wizardry
                                n - ring of see invisible

@: no status effects
A: negative energy resistance 1, electricity resistance, unbreathing,
petrification resistance, rot immunity, AC +7
a: Renounce Religion


You were on level 3 of the Lair of Beasts.
You worshipped Vehumet.
Vehumet was most pleased with you.
You were hungry.

You visited 3 branches of the dungeon, and saw 13 of its levels.
You also visited: Ossuary.

You collected 569 gold pieces.
You spent 141 gold pieces at shops.

Inventory:

Hand Weapons
 G - a +0 quarterstaff
Missiles
 b - 223 stones (in hand)
 s - 6 throwing nets
Armour
 c - a +0 robe (worn)
 q - a +2 pair of gloves (worn)
 L - a +0 cloak (worn)
 W - a +0 pair of boots (worn)
Magical Staves
 M - an uncursed staff of death
Jewellery
 n - a ring of see invisible (left hand)
 z - an uncursed ring of stealth
 J - a ring of wizardry (right hand)
Wands
 I - a wand of digging (6/24)
 K - a wand of polymorph (17/24)
 Q - a wand of enslavement (21/24)
 R - a wand of iceblast (0/15)
 S - a wand of slowing (28/48)
 U - a wand of lightning (4/15)
Scrolls
 a - 3 scrolls of noise
 f - 3 scrolls of remove curse
 g - 3 scrolls of magic mapping
 h - a scroll of enchant weapon {unknown}
 j - a scroll of identify
 k - a scroll of random uselessness
 l - 2 scrolls of fog
 o - a scroll of enchant armour {unknown}
 v - 2 scrolls of fear {unknown}
 x - a scroll of holy word {unknown}
 y - 5 scrolls of teleportation {unknown}
 B - 3 scrolls of recharging
 F - 2 scrolls of amnesia {unknown}
 P - 2 scrolls of immolation {unknown}
Potions
 m - 3 potions of brilliance
 p - 3 potions of heal wounds
 r - 2 potions of might
 u - 4 potions of flight
 w - 3 potions of haste
 C - 2 potions of curing
 E - 3 potions of lignification
 O - a potion of cancellation
Books
 e - a book of Geomancy

   Spells                             Type                      Level
   a - Sandblast                      Earth                        1
   b - Passwall                       Transmutation/Earth          2
   c - Stone Arrow                    Conjuration/Earth            3
   d - Petrify                        Transmutation/Earth          4
   e - Lee's Rapid Deconstruction     Earth                        5
 t - a book of the Warp

   Spells                             Type                      Level
   a - Gell's Gravitas                Hexes/Translocation          3
   b - Force Lance                    Conjuration/Translocation    4
   c - Summon Forest                  Summoning/Translocation      5
   d - Dispersal                      Translocation                6
   e - Controlled Blink               Translocation                8
   f - Disjunction                    Translocation                8
 H - a book of Beasts

   Spells                             Type                      Level
   a - Summon Butterflies             Summoning                    1
   b - Call Canine Familiar           Summoning                    3
   c - Summon Ice Beast               Ice/Summoning                4
   d - Summon Mana Viper              Hexes/Summoning              5
   e - Summon Hydra                   Summoning                    7
 N - a Necronomicon

   Spells                             Type                      Level
   a - Haunt                          Necromancy/Summoning         7
   b - Borgnjor's Revivification      Necromancy                   8
   c - Death's Door                   Charms/Necromancy            8
   d - Infestation                    Necromancy                   8
   e - Necromutation                  Transmutation/Necromancy     8
Comestibles
 d - 7 bread rations
 i - 5 meat rations
 A - 4 slices of pizza
 D - 3 fruits


   Skills:
 + Level 5.2 Fighting
 + Level 4.6 Staves
 + Level 5.5 Armour
 + Level 4.5 Dodging
 - Level 2.1 Stealth
 * Level 9.5 Spellcasting
 + Level 7.0 Conjurations
   Level 0.7 Transmutations
 + Level 3.2 Fire Magic
 + Level 9.4 Earth Magic
 + Level 4.1 Evocations


You had 17 spell levels left.
You knew the following spells:

 Your Spells              Type           Power        Failure   Level  Hunger
a - Sandblast             Erth           #####.       1%          1    None
b - Stone Arrow           Conj/Erth      #####.       1%          3    None
c - Lee's Rapid Deconstr  Erth           #####.....   1%          5    #####..
d - Inner Flame           Hex/Fire       ##......     1%          3    None


Dungeon Overview and Level Annotations

Branches:
Dungeon (9/15)             Temple (1/1) D:5            Lair (3/6) D:9
  Swamp: Lair:2-4    Shoals: Lair:2-4     Snake: Lair:2-4    Spider: Lair:2-4
    Orc: D:9-12

Altars:
Ashenzari
Dithmenos
Elyvilon
Fedhas
Gozag
Hepliaklqana
Kikubaaqudgha
Makhleb
Nemelex Xobeh
Okawaru
Qazlal
Ru
Sif Muna
Uskayaw
Vehumet
Xom
Yredelemnul
Zin
The Shining One

Shops:
D:4 (   D:8 =   D:9 *

Annotations:
D:2 1 runed door
D:8 exclusion: downstairs
Lair:3 Fannar, Rupert


Innate Abilities, Weirdness & Mutations

You are resistant to torment.
Your stone body is resilient. (AC +7)
You are immune to poison.
You resist negative energy. (rN+)
You are resistant to electric shocks. (rElec)
You can survive without breathing.
You are immune to petrification.
You are immune to rotting.


Message History

Zapping:
R - a wand of iceblast (1/15)
Press: ? - help, Shift-Dir - straight line, f/p - Rupert
Aim: Rupert, wielding a great mace of draining and wearing a ring mail (lightly wounded)
The mass of ice explodes!
The iceblast engulfs Rupert.
Rupert is moderately wounded.
This wand has 0 charges left.
You hear an angry hiss.
Rupert looks confused.
Rupert roars madly and goes into a rage!
Rupert goes berserk!
Casting: Sandblast
Confirm with . or Enter, or press ? or * to list all spells.
Aiming: Stone Arrow
Press: ? - help, Shift-Dir - straight line, f/p - Rupert
Aim: Rupert, wielding a great mace of draining and wearing a ring mail (moderately wounded, berserk, fast, unusually strong)
Okay, then.
A komodo dragon comes into view.
Rupert hits you with a great mace of draining!!!
Ouch! That really hurt!
You die...

#..........#....
#.?........#.... .#.#####
#....P#...#... ..#...#.##
#...........♣ ♣.##......
#...........♣ ♣..#...P.#
#...........♣ ♣........P
#...........♣♣♣♣........#
###....@.#...............
#....#@#..........##..#
#.........................
P............#.##....##...
#...........≈≈≈≈≈≈...#≈≈#.
#...........#≈≈≈≈##..#≈≈#.
#......l.....≈...≈#...###.
........♣♣................
.♣≈≈.≈..♣♣..#..#.....#.#
≈≈ ≈♣#############


You could see Rupert (berserk) and a komodo dragon.

Vanquished Creatures
  A hydra (Lair:1)
  4 spiny frogs
  A komodo dragon (Lair:2)
  2 rime drakes (Lair:2)
  A two-headed ogre (D:9)
  5 hippogriffs
  15 yaks
  A hungry ghost (D:7)
  A vampire mosquito (Lair:3)
  2 water moccasins
  A porcupine (D:9)
  2 orc warriors
  3 ice beasts
  A sky beast (D:9)
  3 ogres
  A crocodile (Lair:1)
  A centaur (D:8)
  3 big kobolds (D:8)
  11 bullfrogs
  A wyvern zombie (D:8)
  2 scorpions
  9 wights (D:9)
  2 electric eels (D:9)
  4 howler monkeys
  7 crimson imps
  3 centaur zombies (Ossuary)
  6 hounds
  3 jellies
  An orc priest (D:7)
  A gnoll shaman (D:7)
  8 orc wizards
  Jessica (D:2)
  2 bullfrog skeletons
  5 iguanas
  A hell rat (D:9)
  5 worker ants
  5 big kobold zombies (Ossuary)
  A hound zombie (D:5)
  5 mummies (Ossuary)
  8 gnolls (D:7)
  A howler monkey skeleton (D:8)
  11 adders
  10 river rats (Lair:3)
  2 adder skeletons
  2 adder zombies (D:7)
  5 leopard geckos
  37 orcs
  3 giant cockroaches
  2 hobgoblins
  4 jackals (D:9)
  2 quokkas
  4 bats (D:1)
  3 goblins
  2 hobgoblin zombies (Ossuary)
  A jackal zombie (D:7)
  16 kobolds
  A quokka zombie (D:6)
  5 rats
  A rat zombie (D:6)
251 creatures vanquished.

Vanquished Creatures (collateral kills)
  A yak (D:9)
  A bullfrog (D:9)
2 creatures vanquished.

Vanquished Creatures (others)
  A spiny frog (D:9)
  A fungus (Lair:2)
  6 plants
8 creatures vanquished.

Grand Total: 261 creatures vanquished

Notes
Turn   | Place    | Note
-------+----------+-------------------------------------------
     0 | D:1      | st0uf the Gargoyle Earth Elementalist began the quest for the Orb.
     0 | D:1      | Reached XP level 1. HP: 10/10 MP: 3/3
   486 | D:1      | Reached XP level 2. HP: 15/15 MP: 0/5
   896 | D:2      | Noticed Jessica
   903 | D:2      | Killed Jessica
   903 | D:2      | Reached XP level 3. HP: 19/19 MP: 2/7
  1145 | D:2      | Reached XP level 4. HP: 24/24 MP: 7/9
  1150 | D:2      | Learned a level 3 spell: Stone Arrow
  1376 | D:2      | Found a runed door.
  2019 | D:5      | Entered Level 5 of the Dungeon
  2026 | D:5      | Reached skill level 1 in Conjurations
  2026 | D:5      | Reached XP level 5. HP: 28/28 MP: 4/11
  2142 | D:6      | Found a basalt altar of Yredelemnul.
  2148 | D:6      | Reached skill level 5 in Earth Magic
  2173 | D:6      | Reached XP level 6. HP: 32/32 MP: 8/12
  2181 | D:6      | Found a sand-covered staircase.
  2205 | Ossuary  | Entered an ossuary
  2696 | Ossuary  | Reached skill level 5 in Spellcasting
  3095 | Ossuary  | Reached XP level 7. HP: 35/36 MP: 1/14
  3526 | D:6      | Found a sparkling altar of Nemelex Xobeh.
  4173 | D:5      | Found a staircase to the Ecumenical Temple.
  4182 | Temple   | Entered the Ecumenical Temple
  4773 | D:4      | Reached XP level 8. HP: 41/41 MP: 4/17
  4903 | D:4      | Found a blossoming altar of Fedhas.
  4905 | D:4      | Found a shadowy altar of Dithmenos.
  5162 | D:4      | Found Byruge Noeh's Antique Weapon Boutique.
  5170 | D:4      | Bought a quarterstaff for 72 gold pieces
  5355 | D:4      | Found an iron altar of Okawaru.
  5355 | D:4      | Found a hide-covered altar of Uskayaw.
  5355 | D:4      | Found a radiant altar of Vehumet.
  5356 | D:4      | Found a basalt altar of Yredelemnul.
  5356 | D:4      | Found a sacrificial altar of Ru.
  5357 | D:4      | Found a hazy altar of Hepliaklqana.
  5360 | D:4      | Became a worshipper of Vehumet
  6808 | D:7      | Reached skill level 1 in Staves
  6808 | D:7      | Reached skill level 1 in Armour
  6857 | D:7      | Reached skill level 1 in Fighting
  6974 | D:7      | Reached * piety under Vehumet
  6974 | D:7      | Offered knowledge of Magic Dart by Vehumet.
  7052 | D:7      | Reached skill level 5 in Conjurations
  7131 | D:7      | Learned a level 5 spell: Lee's Rapid Deconstruction
  7408 | D:7      | Reached XP level 9. HP: 48/48 MP: 9/19
  7732 | D:8      | Found Igyta's Jewellery Shoppe.
  8258 | D:8      | Reached skill level 1 in Evocations
  8995 | D:9      | Reached ** piety under Vehumet
  8995 | D:9      | Offered knowledge of Freeze by Vehumet.
  9515 | D:9      | Noticed a two-headed ogre
  9518 | D:9      | Killed a two-headed ogre
  9518 | D:9      | Reached XP level 10. HP: 56/56 MP: 15/22
  9927 | D:9      | Found a staircase to the Lair.
 10513 | D:9      | Offered knowledge of Inner Flame by Vehumet.
 10518 | D:9      | Learned a level 3 spell: Inner Flame
 10676 | D:9      | Found Ungeelei's Assorted Antiques.
 10681 | D:9      | Bought a viscous ruby potion for 22 gold pieces
 10681 | D:9      | Bought a scroll labeled ICUETS OKITRA for 25 gold pieces
 10681 | D:9      | Bought an emerald potion for 22 gold pieces
 10773 | D:9      | Found an opulent altar of Gozag.
 10930 | D:8      | Reached skill level 1 in Fire Magic
 11138 | Lair:1   | Entered Level 1 of the Lair of Beasts
 11257 | Lair:1   | Noticed a four-headed hydra
 11274 | Lair:1   | Noticed a spiny frog
 11324 | D:9      | Reached *** piety under Vehumet
 11712 | Lair:1   | Killed a four-headed hydra
 11712 | Lair:1   | Reached XP level 11. HP: 13/62 MP: 6/24
 11720 | Lair:1   | HP: 2/62 [crocodile (5)]
 12472 | Lair:2   | Reached skill level 5 in Armour
 12883 | Lair:2   | Reached skill level 5 in Fighting
 13068 | Lair:2   | Offered knowledge of Throw Icicle by Vehumet.
 13439 | Lair:3   | Noticed Fannar
 13886 | Lair:3   | Noticed Rupert
 13897 | Lair:3   | Mangled by Rupert

Vault maps used:
D:1:      scummos_arrival_checkerplants, minmay_misc_feat_enclosed,
          minmay_misc_feat_more_columns
D:2:      first_bread, serial_forest, infiniplex_forest_end_3,
          infiniplex_forest_clump_double, infiniplex_forest_clump_small,
          infiniplex_forest_lined_ring, infiniplex_forest_join,
          infiniplex_forest_end_2, uniq_jessica, uniq_crazy_yiuf_cottage
D:3:      minivault_27
D:4:      minitemple, serial_shops, shop_statue
D:6:      nemelex_altar_shiori, enter_ossuary_4, yredelemnul_altar_generic
D:8:      serial_shops, shop
D:9:      nicolae_gozag_cash_rules_everything_around_me, dpeg_lair_monsters,
          serial_shops, kennysheep_little_box, serial_bayou_lagoon_a
Temple:   compressed_dpeg_triangle_lava_temple
Lair:1:   st_stairs_13, wad_woods_06
Lair:3:   minmay_swamp_entry_swarm, guppyfry_snake_entry_garden, st_stairs_8,
          serial_bayou_pond_a, grunt_forest_small_clearings,
          nicolae_quartered_pool_super, uniq_rupert, uniq_fannar
Ossuary:  ossuary_the_hunt_dpeg

Skill      XL: |  1  2  3  4  5  6  7  8  9 10 11 |
---------------+----------------------------------+-----
Earth Magic    | 4 5 6 7 8 9 |  9.4
Spellcasting   | 3 4 5 6 7 8 9 |  9.5
Conjurations   | 1 2 4 5 6 7 |  7.0
Staves         | 2 3 4 |  4.6
Armour         | 1 3 4 5 |  5.5
Fighting       | 1 3 4 5 |  5.2
Dodging        | 2 3 4 |  4.5
Evocations     | 2 3 4 |  4.1
Fire Magic     | 2 3 |  3.2
Stealth        | |  2.1
Transmutations | |  0.7

Action                   |  1- 3 |  4- 6 |  7- 9 | 10-12 || total
-------------------------+-------+-------+-------+-------++-------
Melee: Unarmed           |     4 |       |     4 |       ||     8
       Staff             |       |       |       |     1 ||     1
 Cast: Sandblast         |    40 |   110 |   282 |   138 ||   570
       Stone Arrow       |       |     3 |    94 |   109 ||   206
       Lee's Rapid Decon |       |       |       |     4 ||     4
Evoke: Wand              |       |       |       |     5 ||     5
  Use: Scroll            |       |     5 |     1 |    14 ||    20
  Eat: Chunk             |     1 |     3 |    22 |    12 ||    38
       Meat ration       |       |     1 |       |       ||     1
       Pizza             |       |       |       |     1 ||     1
Armor: Robe              |    16 |    25 |    79 |    70 ||   190
Dodge: Dodged            |    33 |    29 |   120 |   103 ||   285
